 Dungeon Crawl Stone Soup version 0.29.0-11-gd7f09526c8 (console) character file.

Game seed: 6084756041434268905

59 jejorda2 the Poker (level 4, 0/34 HPs)
             Began as a Merfolk Gladiator on Sept 5, 2022.
             Slain by an iguana (7 damage)
             ... on level 5 of the Dungeon.
             The game lasted 00:03:05 (1610 turns).

jejorda2 the Poker (Merfolk Gladiator)              Turns: 1610, Time: 00:03:05

Health: 0/34       AC:  8    Str: 16    XL:     4   Next: 3%
Magic:  4/4        EV: 11    Int:  7    God:
Gold:   152        SH:  0    Dex: 15    Spells: 3/3 levels left

rFire   . . .      SeeInvis .   a - +0 trident
rCold   . . .      Faith    .   (no shield)
rNeg    . . .      Spirit   .   l - +0 scale mail
rPois   .          Reflect  .   c - +0 helmet
rElec   .          Harm     .   (no cloak)
rCorr   .          Rampage  .   g - +0 pair of gloves
Will    .....                   (no boots)
Stlth   ..........              (no amulet)
HPRegen 0.11/turn               (no ring)
MPRegen 0.09/turn               (no ring)

@: no status effects
A: (nimble swimmer 2), mertail
a: no special abilities


You were on level 5 of the Dungeon.
You visited 1 branch of the dungeon, and saw 4 of its levels.

You collected 152 gold pieces.

Inventory:

Hand Weapons
 a - a +0 trident (weapon)
Missiles
 d - 2 throwing nets (quivered)
 e - a javelin
 f - 31 stones
 h - 4 poisoned darts
Armour
 c - a +0 helmet (worn)
 g - a +0 pair of gloves (worn)
 l - a +0 scale mail (worn)
 s - a +0 plate armour
Scrolls
 i - 7 scrolls of identify {unknown}
 j - 2 scrolls of poison {unknown}
 q - a scroll of blinking {unknown}
 r - a scroll of enchant armour {unknown}
Potions
 b - a potion of attraction {unknown}
 k - a potion of ambrosia {unknown}
 m - a potion of curing {unknown}
 n - a potion of flight {unknown}
 o - a potion of brilliance {unknown}
 p - a potion of invisibility {unknown}


   Skills:
 + Level 2.9 Fighting
 * Level 5.3 Polearms
 - Level 2.0 Throwing
 + Level 1.1 Armour
 - Level 4.0 Dodging


You had 3 spell levels left.
You didn't know any spells.
Your spell library contained the following spells:

 Spells                   Type           Power      Damage    Failure   Level
 Apportation              Tloc           0%         N/A       86%         1
 Necrotise                Necr           0%         1d4       86%         1
 Shock                    Conj/Air       0%         1d3       86%         1
 Summon Small Mammal      Summ           0%         N/A       86%         1
 Summon Guardian Golem    Hex/Summ       0%         N/A       99%         3
 Swiftness                Air            0%         N/A       99%         3
 Airstrike                Air            0%         2d(0-16)  100%        4
 Orb of Destruction       Conj           0%         9d5       100%        7
 Spellforged Servitor     Conj/Summ      0%         N/A       100%        7


Dungeon Overview and Level Annotations

Branches:
Dungeon (3/15)

Altars:
Kikubaaqudgha
Qazlal


Innate Abilities, Weirdness & Mutations

((You are very nimble when in or above water. (Stealth+, EV+, Speed+++)))
Your lower body shifts to a powerful aquatic tail in water.


Message History

The iguana closely misses you.
Okay, then.
Unknown command.
Throw: 3 throwing nets
Press: ? - help, Q - select action, (/) - cycle Shift-Dir - straight line, f - iguana
Aim: an iguana (moderately wounded, 64% to hit)
Okay, then.
Throw: 3 throwing nets
Press: ? - help, Q - select action, (/) - cycle Shift-Dir - straight line, f - iguana
Aim: an iguana (moderately wounded, 64% to hit)
You throw a throwing net. The throwing net hits the iguana.
The iguana is caught in the net!
The iguana is moderately wounded.
The iguana struggles against the net.
You hit the iguana but do no damage.
The iguana is moderately wounded.
The iguana struggles against the net.
You strike the helpless iguana from behind!
You puncture the iguana!
The iguana is severely wounded.
The iguana struggles against the net.
You hit the iguana but do no damage.
The iguana is severely wounded.
The iguana struggles against the net.
You hit the iguana but do no damage.
The iguana is severely wounded.
The iguana struggles against the net.
The net rips apart, and the iguana comes free!
You hit the iguana.
The iguana is severely wounded.
The iguana hisses menacingly.
The iguana bites you!
* * * LOW HITPOINT WARNING * * *
You hit the iguana.
The iguana is almost dead.
The iguana barely misses you.
You hit the iguana but do no damage.
The iguana is severely wounded.
The iguana bites you!
You die...

## ## .. .# # #.#
.###.#
8.#########)###...#.
...................
8.##.....###..###.# #
.##.....####.l@#.#!###
.....................#
#.############......#.#
# #..........
#......#.## #.....?# ..
#......# .. ######## .


You could see an iguana.

Vanquished Creatures
  2 adders
  A worm (D:2)
  A dart slug (D:2)
  8 ball pythons
  An endoplasm (D:1)
  2 goblins
  5 hobgoblins
  2 kobolds
  3 quokkas
  4 bats
  4 rats
33 creatures vanquished.

Notes
Turn   | Place    | Note
-------+----------+-------------------------------------------
     0 | D:1      | jejorda2 the Merfolk Gladiator began the quest for the Orb.
     0 | D:1      | Reached XP level 1. HP: 16/16 MP: 1/1
    34 | D:1      | Found a faded altar of an unknown god.
   177 | D:1      | Reached XP level 2. HP: 19/23 MP: 2/2
   854 | D:2      | Reached XP level 3. HP: 27/28 MP: 3/3
  1196 | D:3      | Found an ancient bone altar of Kikubaaqudgha.
  1196 | D:3      | Found a stormy altar of Qazlal.
  1349 | D:3      | Reached skill level 5 in Polearms
  1423 | D:3      | Reached skill level 1 in Armour
  1560 | D:3      | You fall into a shaft and drop 2 floors!
  1560 | D:5      | Entered Level 5 of the Dungeon
  1585 | D:5      | Reached XP level 4. HP: 24/34 MP: 4/4
  1610 | D:5      | Slain by an iguana

Illustrated notes

Levels and vault maps discovered:
D:1:      elethiomel_arrival_quiet, layout_rooms, basic_ecumenical_altar
D:2:      layout_rooms
D:3:      layout_basic, mainiacjoe_overflow_divided_tiny
D:5:      layout_basic, lemuel_crystal_altar,
          minmay_temple_entry_statues_fountains

Skill      XL: |  1  2  3 |
---------------+----------+-----
Polearms       | 5 |  5.3
Armour         | 1 |  1.1
Fighting       | |  2.9
Throwing       | |  2.0
Dodging        | |  4.0

Action                   |  1- 3 |  4- 6 || total
-------------------------+-------+-------++-------
Melee: Trident           |   115 |    11 ||   126
       Punch             |     1 |       ||     1
Throw: Throwing net      |       |     1 ||     1
 Stab: Held in net/web   |       |     1 ||     1
Armor: Leather armour    |     5 |       ||     5
       Scale mail        |    34 |     1 ||    35
Dodge: Dodged            |    52 |     2 ||    54
